 Dungeon Crawl Stone Soup version 0.30-a0-937-ga0a21ad780 (console) character file.

Game seed: 11598918953601192956

4729 jejorda2 the Impaler (level 10, -8/76 HPs)
             Began as a Merfolk Berserker on Mar 24, 2023.
             Was a Priest of Trog.
             Mangled by a skeletal warrior
             ... wielding a +0 glaive
              (10 damage)
             ... on level 8 of the Dungeon.
             The game lasted 00:19:19 (7364 turns).

jejorda2 the Impaler (Merfolk Berserker)            Turns: 7364, Time: 00:19:19

Health: -8/76      AC: 21    Str: 21    XL:     10   Next: 46%
Magic:  10/10      EV: 11    Int:  8    God:    Trog [***...]
Gold:   460        SH:  0    Dex: 13    Spells: 9/9 levels left

rFire   + . .      SeeInvis .    a - +0 halberd
rCold   . . .      Faith    .    (shield currently unavailable)
rNeg    . . .      Spirit   .    B - +0 swamp dragon scales
rPois   +          Reflect  .    w - +2 helmet
rElec   .          Rampage  .    n - +2 cloak
rCorr   .                        t - +2 pair of gloves
Will    +++..                    l - +2 pair of boots {Stlth+}
Stlth   ++                       p - amulet of the acrobat
HPRegen 1.32/turn                D - ring of protection from fire
MPRegen 0.12/turn                u - ring of willpower

@: about to teleport, strong-willed, on berserk cooldown, regenerating, slowed,
very slow
A: (nimble swimmer 2), mertail
a: Renounce Religion, Berserk, Trog's Hand


You were on level 8 of the Dungeon.
You worshipped Trog.
Trog was most pleased with you.
You visited 1 branch of the dungeon, and saw 8 of its levels.

You collected 560 gold pieces.
You spent 100 gold pieces at shops.

Inventory:

Hand Weapons
 a - a +0 halberd (weapon)
 b - a +0 heavy spear
Missiles
 c - 94 stones (quivered)
 h - 32 poisoned darts
 s - 6 javelins
 y - 13 boomerangs
 H - 3 curare-tipped darts
Armour
 l - a +2 pair of boots of stealth (worn)
 n - a +2 cloak (worn)
 t - a +2 pair of gloves (worn)
 w - a +2 helmet (worn)
 B - +0 swamp dragon scales (worn)
 F - a scarf of resistance
Jewellery
 p - an amulet of the acrobat (around neck)
 u - a ring of willpower (right hand)
 D - a ring of protection from fire (left hand)
 E - a ring of flight
Wands
 i - a wand of roots (8)
 A - a wand of flame (20)
Scrolls
 e - a scroll of teleportation
 m - a scroll of poison
 v - a scroll of fog
 x - 2 scrolls of magic mapping
 G - a scroll of silence {unknown}
Potions
 d - 4 potions of might
 f - 3 potions of flight
 g - 2 potions of lignification
 j - 4 potions of attraction
 o - a potion of invisibility {unknown}
 q - a potion of haste
 r - 7 potions of curing
 z - a potion of heal wounds {unknown}
 C - a potion of cancellation {unknown}


   Skills:
 - Level 6.0 Fighting
 + Level 15.5 Polearms
 + Level 2.7 Throwing
 - Level 6.0 Armour
 - Level 2.6 Dodging


You had 9 spell levels left.
You didn't know any spells.
Your spell library was empty.

Dungeon Overview and Level Annotations

Branches:
Dungeon (8/15)             Temple (0/1) D:7
   Lair: D:8-11

Altars:
Ashenzari
Cheibriados
Dithmenos
Elyvilon
Trog
Zin
The Shining One

Shops:
D:1 *

Annotations:
D:8 1 transporter


Innate Abilities, Weirdness & Mutations

((You are very nimble when in or above water. (Stealth+, EV+, Speed+++)))
Your lower body shifts to a powerful aquatic tail in water.


Message History

* * * LOW HITPOINT WARNING * * *
You puncture the skeletal warrior!
The skeletal warrior is severely damaged.
You barely miss the skeletal warrior.
The skeletal warrior is severely damaged.
You are no longer berserk.
You are exhausted.
You feel yourself slow down.
Your skin stops crawling.
You feel less strong-willed.
Okay, then.
Unknown command.
Unknown command.
Blink to where?
Press: ? - help, Dir - move target
As you read the scroll of blinking, it crumbles to dust.
Your ogre goes berserk!
You can no longer call in reinforcements.
Your skin crawls.
You feel strong-willed.
Your ogre rages.
Your ogre closely misses the skeletal warrior.
Save game and exit?
Level annotation: 1 transporter Bad channel name for runrest: 'channel:duration' Bad channel name for runrest: 'channel:god' Welcome back, jejorda2 the Merfolk Berserker.
Trog says: Kill them all!
Press ? for a list of commands and other information.
Okay, then.
Your ogre hits the skeletal warrior with a +0 giant club!!
Something hits your ogre!! The skeletal warrior misses you.
Your ogre completely misses the skeletal warrior.
Something closely misses your ogre.
Your ogre hits the skeletal warrior with a +0 giant club!!
As you read the scroll of teleportation, it crumbles to dust.
You feel strangely unstable.
The skeletal warrior hits you with a +0 scimitar!
* * * LOW HITPOINT WARNING * * *
The skeletal warrior hits you from afar with a +0 glaive!
You die...

####..# #..#)###..# #..#
#..#)# #..#
.####..###########..#.###.#.
........ooz)z.z..........###.
.####..###########o.....## #
#..# .......O..#...# #.o#
.######z..#.##.# ##..###
###.z.......... ####zo...#
##..@####.©.####. o.)..###.#
#..###. ##### .zo..# .##.#.##
.#. [[$.. ####.# ##.#.# ...
##=..## #.. #.#.##.#...(.#...
#### #.#..#...# .##
#.##.#..## #.##.# .5.#
#.##.## .5.


You could see 2 skeletal warriors and a friendly ogre (summoned, berserk).

Vanquished Creatures
  Pikel (D:6)
  Maggie (D:8)
  A troll (D:8)
  3 water moccasins
  2 sky beasts
  An ice beast (D:6)
  5 black bears
  2 ogres
  2 centaurs (D:7)
  2 phantoms
  3 kobold brigands
  Blork the orc (D:6)
  4 bullfrogs
  3 scorpions
  5 wights
  6 killer bees (D:7)
  A howler monkey (D:7)
  A crimson imp (D:7)
  3 hounds
  2 orc priests
  3 gnoll boudas
  4 jellies
  3 iguanas
  A sleepcap (D:6)
  6 orc wizards
  13 gnolls
  10 adders
  A shadow imp (D:8)
  4 ufetubi
  A worm (D:4)
  2 dart slugs
  34 orcs
  7 ball pythons
  9 endoplasms
  4 giant cockroaches
  10 goblins
  5 hobgoblins
  9 jackals
  17 kobolds
  A quokka (D:2)
  10 bats
  4 frilled lizards
  5 rats
212 creatures vanquished.

Notes
Turn   | Place    | Note
-------+----------+-------------------------------------------
     0 | D:1      | jejorda2 the Merfolk Berserker began the quest for the Orb.
     0 | D:1      | Reached XP level 1. HP: 18/18 MP: 1/1
    88 | D:1      | Reached XP level 2. HP: 19/24 MP: 2/2
   244 | D:1      | Reached XP level 3. HP: 29/29 MP: 3/3
   330 | D:1      | Found Hajatso's Assorted Antiques.
   400 | D:1      | Reached skill level 5 in Polearms
   637 | D:1      | Bought a scroll labelled POHEHI PANO for 25 gold pieces
   697 | D:2      | Reached ** piety under Trog
   842 | D:2      | Reached XP level 4. HP: 36/37 MP: 4/4
   945 | D:2      | Identified the +11 morningstar "Rosiast" {holy, rN+ Str+3
                  | Int+3 Stlth+}
  1294 | D:2      | Identified the +9 whip of Proximity {spect, rF+ Str-3
                  | Int+2}
  1403 | D:3      | Reached skill level 6 in Polearms
  1403 | D:3      | Reached XP level 5. HP: 42/42 MP: 5/5
  1685 | D:3      | Found a shadowy altar of Dithmenos.
  1752 | D:3      | Noticed a water moccasin
  1765 | D:3      | Killed a water moccasin
  1766 | D:3      | Reached skill level 7 in Polearms
  1766 | D:3      | Reached XP level 6. HP: 42/49 MP: 6/6
  2211 | D:3      | Found a faded altar of an unknown god.
  2403 | D:4      | Reached skill level 5 in Fighting
  2403 | D:4      | Reached XP level 7. HP: 56/56 MP: 7/7
  2592 | D:4      | Found a snail-covered altar of Cheibriados.
  2878 | D:4      | Reached skill level 8 in Polearms
  3188 | D:5      | Entered Level 5 of the Dungeon
  3397 | D:4      | Reached skill level 9 in Polearms
  3423 | D:5      | Reached XP level 8. HP: 64/64 MP: 8/8
  3564 | D:5      | Identified the +6 short sword of Gallantry {drain, rN+
                  | Int-4 SInv}
  3642 | D:5      | Found a white marble altar of Elyvilon.
  3717 | D:5      | Reached *** piety under Trog
  4046 | D:5      | HP: 4/96 [acid (1)]
  4424 | D:1      | Bought a scroll labelled WIANEW YDDU for 25 gold pieces
  4424 | D:1      | Bought a scroll labelled POHEHI PANO for 25 gold pieces
  4424 | D:1      | Bought a scroll labelled ROORHI XAALIAQ for 25 gold pieces
  4505 | D:6      | Reached skill level 10 in Polearms
  4506 | D:6      | Noticed Blork the orc
  4522 | D:6      | Killed Blork the orc
  4858 | D:6      | Reached skill level 11 in Polearms
  5152 | D:6      | Noticed Pikel
  5166 | D:6      | Killed Pikel
  5167 | D:6      | Reached skill level 12 in Polearms
  5167 | D:6      | Reached XP level 9. HP: 69/69 MP: 9/9
  5281 | D:6      | Reached skill level 5 in Armour
  5336 | D:6      | Found a broken altar of Ashenzari.
  5540 | D:6      | Found a bloodstained altar of Trog.
  5608 | D:7      | Reached skill level 13 in Polearms
  5984 | D:6      | Found a broken altar of Ashenzari.
  6111 | D:6      | Reached skill level 14 in Polearms
  6210 | D:7      | Reached XP level 10. HP: 67/76 MP: 10/10
  6527 | D:7      | Reached **** piety under Trog
  6695 | D:7      | Reached skill level 15 in Polearms
  6795 | D:7      | Noticed an angel
  6797 | D:7      | Found a glowing silver altar of Zin.
  6904 | D:7      | Found a staircase to the Ecumenical Temple.
  7008 | D:7      | Found a glowing golden altar of the Shining One.
  7052 | D:8      | Noticed Maggie
  7086 | D:8      | Killed Maggie
  7087 | D:8      | Reached skill level 1 in Throwing
  7157 | D:8      | Found a transporter.
  7313 | D:8      | Noticed a skeletal warrior
  7322 | D:8      | Noticed a skeletal warrior
  7364 | D:8      | HP: 2/76 [skeletal warrior/+0 scimitar (16)]
  7364 | D:8      | Mangled by a skeletal warrior

Illustrated notes

Levels and vault maps discovered:
D:1:      scummos_arrival_simple_fountains, layout_rooms, serial_shops,
          nicolae_shop_overgrown_old_shop
D:2:      layout_rooms
D:3:      wad_river_or_something, layout_rooms, amcnicky_altar_gilded,
          nicolae_ecumenical_lake_church, minmay_misc_feat_square,
          nicolae_figureground_pulse
D:4:      layout_loops_ring, mainiacjoe_overflow_concentric_impassable,
          minmay_misc_feat_encased
D:5:      nicolae_cairo_tiling_large_dashed, layout_loops_ring,
          mainiacjoe_overflow_small_starburst
D:6:      layout_gridville, mainiacjoe_overflow_alcove_1,
          nicolae_overflow_crystal_walls, uniq_pikel, uniq_blork_the_orc
D:7:      layout_cave_pools, zin_angel, tso_altar,
          minmay_temple_entry_nine_rooms, minmay_starry_boxes
D:8:      layout_loops_ring, mainiacjoe_overflow_alcove_4,
          gammafunk_ghost_stat_death, uniq_maggie

Skill      XL: |  1  2  3  4  5  6  7  8  9 10 |
---------------+-------------------------------+-----
Polearms       | 5 6 7 9 12 14 15 | 15.5
Armour         | 2 3 4 5 6 |  6.0
Fighting       | 4 5 6 |  6.0
Throwing       | 2 |  2.7
Dodging        | |  2.6

Action                     |  1- 3 |  4- 6 |  7- 9 | 10-12 || total
---------------------------+-------+-------+-------+-------++-------
  Melee: Spear             |   102 |   243 |   226 |    35 ||   606
         Punch             |     2 |     1 |     3 |     1 ||     7
         Trident           |       |       |   196 |   110 ||   306
         Halberd           |       |       |       |    27 ||    27
  Throw: Stone             |     3 |     1 |       |       ||     4
 Invoke: Berserk           |     2 |     4 |    11 |     3 ||    20
         Trog's Hand       |       |     1 |     2 |     3 ||     6
         Brothers in Arms  |       |       |       |     1 ||     1
    Use: Scroll            |       |       |    20 |     5 ||    25
   Stab: Sleeping          |     1 |       |       |       ||     1
         Paralysed         |       |       |       |     2 ||     2
 Armour: Animal skin       |     5 |       |       |       ||     5
         Leather armour    |    14 |       |       |       ||    14
         Scale mail        |       |    58 |    53 |       ||   111
         Ring mail         |       |     4 |       |       ||     4
         Chain mail        |       |       |   154 |    33 ||   187
         Swamp dragon scal |       |       |       |    20 ||    20
  Dodge: Dodged            |    37 |    88 |   167 |    57 ||   349

Table legend: (Time is in decaauts)
 A = Elapsed time spent in this place.
 B = Non-inter-level travel time spent in this place.
 C = Inter-level travel time spent in this place.
 D = Time resting spent in this place.
 E = Time spent auto-exploring this place.
 F = Levels seen in this place.
 G = Mean time per level.
                   A        B        C        D        E       F      G
               +--------+--------+--------+--------+--------+-----+--------+
         Total |   7257 |   6700 |    557 |   1321 |   3822 |   8 |  907.1 |
       Dungeon |   7257 |   6700 |    557 |   1321 |   3822 |   8 |  907.1 |
               +--------+--------+--------+--------+--------+-----+--------+

Top non-repeatable levels by time:
     D:6: 1488 daAuts
     D:5: 1235 daAuts
     D:3: 1038 daAuts
     D:7: 914 daAuts
     D:2: 840 daAuts
     D:4: 795 daAuts
     D:1: 675 daAuts
     D:8: 269 daAuts
